[Event "Team 45 45 League T69"]
[Site "Internet Chess Club"]
[Date "2016.06.19"]
[Round "2"]
[White "kabindra"]
[Black "sohamjoshi"]
[Result "1-0"]
[WhiteElo "1663"]
[BlackElo "1389"]
[Opening "Pirc defense"]
[ECO "B07"]
[Time "11:18:18"]
[TimeControl "2700+45"]

1. e4 d6 2. d4 Nf6 3. Nc3 Nbd7 4. Bd3 e5 5. Nf3 Be7 6. O-O O-O 7. h3 h6 8. dxe5
dxe5 9. Qe2 c6 10. Nh4 Nxe4 11. Qxe4 Nf6 12. Qxe5 Re8 13. Nf5 Bd6 14. Qxd6 Bxf5
15. Qxd8 Raxd8 16. Bxf5 Re7 17. Be3 b6 18. Rad1 Rde8 19. b4 Kh8 20. Rd3 Nh5 21.
Rfd1 Nf6 22. Rd8 Rxd8 23. Rxd8+ Re8 24. Rxe8+ Nxe8 25. Be4 Nf6 26. Bxc6 Kg8 27.
Nb5 a6 28. Nd6 a5 29. bxa5 bxa5 30. Bd2 a4 31. Bxa4 Nd5 32. Bb3 Nc7 33. Nxf7 Kf8
34. Bb4+ Ke8 35. Nd6+ Kd7 36. Nf5 Ne6 37. Bxe6+ Kxe6 38. Nxg7+ Kf6 39. Ne8+ Ke6
40. Nc7+ Kd7 41. Nd5 Ke6 42. Nf4+ Kf5 43. g3 Ke5 44. a4 Kd4 45. c3+ Kc4 46. a5
Kb5 47. Nd5 Kc6 48. Ne7+ Kb5 49. g4 {Black resigns} 1-0

[Event "Team 45 45 League T69"]
[Site "Internet Chess Club"]
[Date "2016.06.20"]
[Round "2"]
[White "bluesun"]
[Black "losscause"]
[Result "0-1"]
[WhiteElo "1494"]
[BlackElo "1573"]
[Opening "Robatsch defense: two knights variation"]
[ECO "B06"]
[Time "19:02:31"]
[TimeControl "2700+45"]

1. e4 g6 2. d4 Bg7 3. Nf3 d6 4. Nc3 Nc6 5. Bc4 Nf6 6. O-O O-O 7. Re1 e5 8. h3
Na5 9. Bf1 Nc6 10. Bg5 Qe8 11. Qd2 exd4 12. Nxd4 Nxd4 13. Qxd4 Nd7 14. Qd2 Ne5
15. Rad1 Bxh3 16. gxh3 Nf3+ 17. Kh1 Nxd2 18. Rxd2 h6 19. Bh4 Qe6 20. Nd5 Rac8
21. Ne7+ Kh7 22. Nxc8 Rxc8 23. c4 f5 24. f3 Be5 25. exf5 Qxf5 26. Kg2 Qf4 27.
Rxe5 Qxe5 28. Bg3 Qf6 29. b4 Re8 30. c5 Re3 31. Rf2 dxc5 32. bxc5 c6 33. f4 Qc3
34. Bh2 Qxc5 35. Rd2 Qf5 36. Kf2 Re7 37. Kf3 Qe4+ 38. Kg4 h5+ 39. Kg5 Qe1 40.
Bd3 Qxd2 41. Bxg6+ Kg7 42. Bg3 Qg2 43. Kh4 Kxg6 44. a4 Re4 45. a5 Qf3 46. a6
Rxf4+ 47. Bxf4 Qxf4# {White checkmated} 0-1

[Event "Team 45 45 League T69"]
[Site "Internet Chess Club"]
[Date "2016.06.17"]
[Round "2"]
[White "Leon13"]
[Black "MasterD"]
[Result "0-1"]
[WhiteElo "1320"]
[BlackElo "1498"]
[Opening "Sicilian: closed, 2...Nc6"]
[ECO "B23"]
[Time "13:01:04"]
[TimeControl "2700+45"]

1. e4 c5 2. Nc3 Nc6 3. Bb5 Nd4 4. Bc4 Nf6 5. Nf3 Nc6 6. Bb5 g6 7. Bxc6 bxc6 8.
e5 Nd5 9. Ne4 d6 10. c4 Nb6 11. d3 Bg7 12. Bg5 Qc7 13. exd6 exd6 14. Nf6+ Bxf6
15. Bxf6 Rg8 16. O-O Be6 17. Re1 Nd7 18. Bh4 h6 19. Qd2 g5 20. Bg3 O-O-O 21. Qc3
Rge8 22. Nd2 f5 23. d4 f4 24. Bxf4 gxf4 25. Ne4 cxd4 26. Qxd4 Ne5 27. Rad1 Rg8
28. Kh1 Qg7 29. Nxd6+ Rxd6 30. Qxd6 Qxg2# {White checkmated} 0-1

[Event "Team 45 45 League T69"]
[Site "Internet Chess Club"]
[Date "2016.06.16"]
[Round "2"]
[White "clarinetref"]
[Black "justice02"]
[Result "0-1"]
[WhiteElo "1600"]
[BlackElo "1633"]
[Opening "French: exchange variation"]
[ECO "C01"]
[Time "22:06:31"]
[TimeControl "2700+45"]

1. e4 e6 2. d4 d5 3. exd5 exd5 4. Bd3 Bd6 5. Ne2 Bg4 6. f3 Bd7 7. Nbc3 c6 8. Bf4
Qh4+ 9. g3 Qf6 10. Bxd6 Qxd6 11. Qd2 Ne7 12. O-O-O O-O 13. Nf4 b5 14. Qg2 Na6
15. h4 Nb4 16. h5 Nxd3+ 17. Nxd3 Nf5 18. Qf2 Qxg3 19. Qd2 Qd6 20. Ne5 Rad8 21.
Rdg1 Rfe8 22. Rg5 f6 23. Rxf5 Bxf5 24. Nd3 Bxd3 25. Qxd3 Qf4+ 26. Kd1 Re3 27.
Qd2 Qxf3+ {White resigns} 0-1

[Event "Team 45 45 League T69"]
[Site "Internet Chess Club"]
[Date "2016.06.16"]
[Round "2"]
[White "Grenadier"]
[Black "tryanything"]
[Result "0-1"]
[WhiteElo "1596"]
[BlackElo "1595"]
[Opening "Bishop's opening: Berlin defense"]
[ECO "C24"]
[Time "19:00:32"]
[TimeControl "2700+45"]

1. e4 e5 2. Bc4 Nf6 3. d3 Nc6 4. Nc3 Be7 5. f4 d6 6. Nf3 Bg4 7. Bb5 O-O 8. Bxc6
bxc6 9. h3 Bxf3 10. Qxf3 Nd7 11. Be3 f5 12. exf5 Rxf5 13. g4 Bh4+ 14. Kd2 Rf8
15. f5 d5 16. Bf2 e4 17. Bxh4 Qxh4 18. Qf4 exd3 19. cxd3 Rae8 20. Raf1 Ne5 21.
d4 Nc4+ 22. Kc2 Ne3+ 23. Kd2 Nxf1+ 24. Rxf1 Qxh3 25. Qxc7 Qxf1 {White resigns}
0-1

[Event "Team 45 45 League T69"]
[Site "Internet Chess Club"]
[Date "2016.06.20"]
[Round "2"]
[White "kutch"]
[Black "bmw2002"]
[Result "1-0"]
[WhiteElo "1526"]
[BlackElo "1429"]
[Opening "King's Indian: Makagonov system (5.h3)"]
[ECO "E71"]
[Time "20:00:55"]
[TimeControl "2700+45"]

1. d4 Nf6 2. c4 g6 3. Nc3 Bg7 4. e4 d6 5. h3 O-O 6. Bg5 Nbd7 7. Qd2 c5 8. d5 Kh8
9. Bh6 Ng8 10. Bxg7+ Kxg7 11. f4 f5 12. Bd3 Ndf6 13. e5 Ne8 14. e6 Ngf6 15. Nf3
Nc7 16. Rg1 Nh5 17. g4 fxg4 18. Rxg4 Ne8 19. Ne4 Nef6 20. Nxf6 Nxf6 21. Rg2 Kh8
22. Ng5 Qe8 23. O-O-O Nh5 24. Nf7+ Rxf7 25. exf7 Qxf7 26. Qc3+ Kg8 27. f5 Nf4
28. fxg6 Nxd3+ 29. Qxd3 hxg6 30. Rxg6+ Kh8 31. Rh6+ Kg7 32. Rh7+ {Black resigns}
1-0

[Event "Team 45 45 League T69"]
[Site "Internet Chess Club"]
[Date "2016.06.17"]
[Round "2"]
[White "otherook"]
[Black "modiglani"]
[Result "1/2-1/2"]
[WhiteElo "1762"]
[BlackElo "1899"]
[Opening "English: closed system"]
[ECO "A25"]
[Time "14:00:33"]
[TimeControl "2700+45"]

1. c4 Nc6 2. g3 e5 3. Bg2 g6 4. Nc3 Bg7 5. Nf3 f5 6. d3 Nf6 7. O-O O-O 8. Nd5
Ne7 9. Nxf6+ Bxf6 10. c5 d5 11. cxd6 Qxd6 12. Nd2 Be6 13. Nc4 Bxc4 14. dxc4 Qc5
15. Bxb7 Rad8 16. Qc2 c6 17. Qa4 f4 18. gxf4 exf4 19. Bxf4 Bxb2 20. Be3 Qf5 21.
Rab1 Qg4+ 22. Kh1 Be5 23. Bxc6 Qh3 24. f4 Nf5 25. Rf3 Qh6 26. fxe5 Nxe3 27. c5
Nf5 28. Qc4+ Kh8 29. Qc1 Qg7 30. Rb7 Qxe5 31. Qb2 Rd1+ 32. Kg2 Qxb2 33. Rxb2
Nh4+ 34. Kg3 Nxf3 35. exf3 Rc8 36. Be4 Rxc5 37. Rb8+ Kg7 38. Rb7+ Kh6 39. Rxa7
Rd2 40. h4 Rc1 41. h5 Ra1 42. hxg6 hxg6 43. Ra6 Raxa2 44. Rxg6+ Kh5 45. Rc6 Rg2+
46. Kf4 Rg7 47. Rc2 Rxc2 48. Bxc2 Rc7 49. Be4 Kh6 50. Bd5 Kg7 51. Be4 Kf6 52.
Bd5 Rc3 53. Be4 Rxf3+ 54. Bxf3 {Game drawn because neither player has mating
material} 1/2-1/2

[Event "Team 45 45 League T69"]
[Site "Internet Chess Club"]
[Date "2016.06.19"]
[Round "2"]
[White "crazyhorses"]
[Black "Fianchettoed"]
[Result "0-1"]
[WhiteElo "1358"]
[BlackElo "1588"]
[Opening "KP: Nimzovich defense"]
[ECO "B00"]
[Time "12:00:13"]
[TimeControl "2700+45"]

1. e4 Nc6 2. Nf3 d6 3. Bb5 a6 4. Ba4 b5 5. Bb3 Nf6 6. d3 Bg4 7. c3 e6 8. Nbd2
Be7 9. O-O O-O 10. Re1 Ne5 11. Bc2 c5 12. d4 cxd4 13. cxd4 Nxf3+ 14. Nxf3 e5 15.
d5 Rc8 16. Qd3 Bxf3 17. gxf3 Nh5 18. a4 Bg5 19. axb5 axb5 20. Bb3 Bxc1 21. Rexc1
Qg5+ {White resigns} 0-1

[Event "Team 45 45 League T69"]
[Site "Internet Chess Club"]
[Date "2016.06.18"]
[Round "2"]
[White "dabodhi"]
[Black "kingphisch"]
[Result "1-0"]
[WhiteElo "1458"]
[BlackElo "1457"]
[Opening "Caro-Kann: two knights variation"]
[ECO "B11"]
[Time "16:01:54"]
[TimeControl "2700+45"]

1. e4 c6 2. Nc3 d5 3. Nf3 dxe4 4. Nxe4 Bf5 5. Ng3 Bg6 6. h4 h6 7. Ne5 e6 8. Nxg6
fxg6 9. Qg4 Qf6 10. Bc4 Nd7 11. Bxe6 Rd8 12. Ne4 Qe7 13. Qxg6+ {Black resigns}
1-0

[Event "Team 45 45 League T69"]
[Site "Internet Chess Club"]
[Date "2016.06.20"]
[Round "2"]
[White "Skeptic1972"]
[Black "Goli"]
[Result "1/2-1/2"]
[WhiteElo "1587"]
[BlackElo "1800"]
[Opening "Robatsch (modern) defense"]
[ECO "B06"]
[Time "14:06:40"]
[TimeControl "2700+45"]

1. e4 g6 2. d4 Bg7 3. Nf3 d6 4. Bc4 Nf6 5. Nc3 O-O 6. h3 Nc6 7. O-O e5 8. Be3
exd4 9. Nxd4 Nxd4 10. Bxd4 Be6 11. Bd3 a6 12. f4 c5 13. Be3 Qb6 14. f5 Bd7 15.
fxg6 hxg6 16. Qd2 Bc6 17. Bh6 Qxb2 18. Rab1 Qa3 19. Rb3 Qa5 20. Bxg7 Kxg7 21.
Rxf6 c4 22. Bxc4 Qc5+ 23. Kh1 Kxf6 24. Qf4+ Kg7 25. Nd5 Bxd5 26. Bxd5 Rab8 27.
Rf3 Qd4 28. Qxd6 Rbd8 29. Qe7 Rxd5 30. exd5 Qxd5 31. Qf6+ Kg8 32. Rf4 Qd8 33.
Qxd8 Rxd8 34. Rc4 Rd7 35. Rc8+ Kg7 36. c4 Kf6 37. c5 Rd1+ 38. Kh2 Rc1 39. Rb8
Rxc5 40. Rxb7 Ra5 41. Rb2 Rb5 42. Rc2 a5 43. Kg3 Ke5 44. Kf3 Kd4 45. Ke2 a4 46.
Kd2 Rf5 47. Ke2 Re5+ 48. Kd2 Rg5 49. g4 Rd5 50. Rc7 f5 51. gxf5 gxf5 52. Ra7
Ke4+ 53. Ke2 Rd4 54. Re7+ Kf4 55. Re3 Rb4 56. Rf3+ Kg5 57. Ra3 Re4+ 58. Re3 Rb4
59. Ra3 Kh4 60. Kd2 f4 61. Kc2 Re4 62. Kd2 Rb4 63. Kc2 Re4 64. Kd2 Kg5 65. Rf3
Rb4 {Game drawn by mutual agreement} 1/2-1/2

[Event "Team 45 45 League T69"]
[Site "Internet Chess Club"]
[Date "2016.06.18"]
[Round "2"]
[White "Gojira"]
[Black "HappySong"]
[Result "1/2-1/2"]
[WhiteElo "1613"]
[BlackElo "1524"]
[Opening "Queen's pawn, Mason variation, Steinitz counter-gambit"]
[ECO "D00"]
[Time "20:00:17"]
[TimeControl "2700+45"]

1. d4 d5 2. Bf4 c5 3. c3 Nc6 4. e3 Nf6 5. Bd3 Bg4 6. Nf3 h6 7. h3 Bd7 8. Nbd2
Qb6 9. Qb3 c4 10. Qxb6 axb6 11. Bc2 e6 12. Ne5 b5 13. b4 Be7 14. O-O Nxe5 15.
dxe5 Nh7 16. Nf3 Ra3 17. e4 Rxc3 18. Nd4 Ra3 19. exd5 exd5 20. e6 fxe6 21. Rae1
Bxb4 22. Bg6+ Ke7 23. Re2 Bc3 24. Bxh7 Bxd4 25. Rd1 Rd3 26. Bxd3 cxd3 27. Red2
e5 28. Rxd3 Bf5 29. R3d2 Ke6 30. Bxe5 Bxe5 31. Rxd5 Bc2 32. R1d2 Ra8 33. Rxe5+
Kxe5 34. Rxc2 Kd6 35. f4 Ra4 36. g3 b6 37. Kf2 Kd5 38. Kf3 Ra3+ 39. Kg4 Kd4 40.
f5 b4 41. Kf4 b3 42. axb3 Rxb3 43. Rc7 Rb1 44. Rxg7 Rf1+ 45. Kg4 b5 46. Kh5
Rxf5+ 47. Kxh6 b4 48. g4 Rf3 49. Rd7+ Kc3 50. Rc7+ Kd4 51. h4 Rf6+ 52. Kg5 Rb6
53. h5 b3 54. Rc1 b2 55. Rb1 {Game drawn by mutual agreement} 1/2-1/2

[Event "Team 45 45 League T69"]
[Site "Internet Chess Club"]
[Date "2016.06.18"]
[Round "2"]
[White "Kingofknights"]
[Black "Insan996"]
[Result "1-0"]
[WhiteElo "1594"]
[BlackElo "1577"]
[Opening "Queen's pawn: Keres defense"]
[ECO "A40"]
[Time "14:08:36"]
[TimeControl "2700+45"]

1. d4 e6 2. c4 b6 3. e4 Bb7 4. Nc3 Bb4 5. Bd3 Nf6 6. f3 d5 7. cxd5 exd5 8. e5
Nh5 9. Be3 Qh4+ 10. Bf2 Qg5 11. g3 Nf4 12. h4 Bxc3+ 13. bxc3 Nxd3+ 14. Qxd3 Qe7
15. Ne2 Ba6 16. Qd2 Nd7 17. Nf4 c6 18. Nd3 O-O 19. O-O f6 20. Rfe1 fxe5 21. Nxe5
Nxe5 22. Rxe5 Qd7 23. Kg2 Rae8 24. Rae1 Rxe5 25. Rxe5 Re8 26. Qe3 Kf8 27. Qf4+
Kg8 28. Qe3 Kf8 29. f4 Qf7 30. Qf3 Bc8 31. g4 Re6 32. Kg3 h6 33. f5 Re7 34. Qf4
Kg8 35. Rxe7 Qxe7 36. Qe5 Kf7 37. Qxe7+ Kxe7 38. Kf4 Kf6 39. g5+ hxg5+ 40. hxg5+
Kf7 41. g6+ Kf6 42. Bh4# {Black checkmated} 1-0

[Event "Team 45 45 League T69"]
[Site "Internet Chess Club"]
[Date "2016.06.17"]
[Round "2"]
[White "QuieroAprender"]
[Black "qingjoshua"]
[Result "1-0"]
[WhiteElo "1596"]
[BlackElo "1723"]
[Opening "Ruy Lopez: exchange, Gligoric variation"]
[ECO "C69"]
[Time "21:00:19"]
[TimeControl "2700+45"]

1. e4 e5 2. Nf3 Nc6 3. Bb5 a6 4. Bxc6 dxc6 5. O-O f6 6. d4 exd4 7. Qxd4 Be6 8.
e5 Qxd4 9. Nxd4 Bf7 10. exf6 Nxf6 11. Re1+ Kd7 12. Rd1 Re8 13. Nc3 Kc8 14. Bf4
Bc5 15. h3 Bg6 16. Rac1 Rhf8 17. Be3 Bb6 18. Na4 Ba7 19. c4 Kb8 20. Nc3 Rf7 21.
Nc2 Bxe3 22. Nxe3 Rfe7 23. Rd2 Kc8 24. b3 Nh5 25. Ne2 h6 26. g4 Nf6 27. Ng3 Ne4
28. Nxe4 Rxe4 29. Rcd1 R4e7 30. Ng2 Be4 31. Ne3 Bf3 32. Rc1 g6 33. Rc3 Be4 34.
Nf1 g5 35. Re3 Bg6 36. Rxe7 Rxe7 37. Ne3 b6 38. Kg2 a5 39. Kg3 Re4 40. h4 Bh7
41. hxg5 hxg5 42. Nd1 Rf4 43. f3 Rf6 44. Nf2 c5 45. Nh3 Rg6 46. Rd5 c6 47. Re5
Rg7 48. Nxg5 Bb1 49. Ne6 Re7 50. f4 Bxa2 51. f5 Kd7 52. Re3 Ke8 53. Kf4 a4 54.
f6 Rf7 55. g5 Kd7 56. Ke5 Bb1 57. bxa4 Bc2 58. Re2 Bg6 59. Rd2+ Kc8 60. Rd8+ Kb7
61. Rg8 {Black resigns} 1-0

[Event "Team 45 45 League T69"]
[Site "Internet Chess Club"]
[Date "2016.06.20"]
[Round "2"]
[White "anishio"]
[Black "bayoumicardio10"]
[Result "0-1"]
[WhiteElo "1661"]
[BlackElo "1693"]
[Opening "Pirc: classical (two knights) system"]
[ECO "B08"]
[Time "18:00:33"]
[TimeControl "2700+45"]

1. e4 d6 2. d4 Nf6 3. Nc3 g6 4. Nf3 Bg7 5. Bc4 O-O 6. O-O Nxe4 7. Nxe4 d5 8.
Bxd5 Qxd5 9. Nc3 Qd8 10. Be3 Bg4 11. Re1 e6 12. h3 Bxf3 13. Qxf3 c6 14. Rad1 Nd7
15. Ne4 Nb6 16. c3 h6 17. Nc5 Qe7 18. b3 Nd5 19. Bc1 Nf6 20. Bf4 Rad8 21. c4 Kh7
22. Ne4 Nxe4 23. Qxe4 Rfe8 24. d5 cxd5 25. cxd5 e5 26. Bh2 f5 27. Qe3 b6 28. Qd2
e4 29. Rc1 Be5 30. Bxe5 Qxe5 31. Red1 Re7 32. d6 Red7 33. Rc6 f4 34. Qd5 Qxd5
35. Rxd5 Kg7 36. Rc7 Kf6 37. Kf1 Ke6 38. Rd4 Ke5 39. Rdc4 g5 40. Rxd7 Rxd7 41.
Ke2 Rxd6 42. Rc7 a5 43. Re7+ Kd4 44. Rc7 Re6 45. Rc4+ Kd5 46. Rc3 Rc6 47. Rxc6
Kxc6 48. Kd2 Kd5 49. Kc3 b5 50. a3 h5 51. f3 e3 52. Kd3 Ke5 53. b4 axb4 54. axb4
Kd5 55. g3 fxg3 56. Kxe3 Kc4 57. h4 gxh4 58. f4 Kd5 59. Kf3 Ke6 60. Kg2 Kf5 61.
Kf3 g2 62. Kxg2 Kxf4 63. Kh3 Ke4 64. Kxh4 Kd4 65. Kxh5 Kc4 66. Kg4 Kxb4 67. Kf3
Kc3 68. Ke3 b4 69. Ke2 Kc2 {White resigns} 0-1

[Event "Team 45 45 League T69"]
[Site "Internet Chess Club"]
[Date "2016.06.17"]
[Round "2"]
[White "Zugzwanged"]
[Black "ahxm"]
[Result "1-0"]
[WhiteElo "1640"]
[BlackElo "1158"]
[Opening "Scotch: Potter variation"]
[ECO "C45"]
[Time "22:01:48"]
[TimeControl "2700+45"]

1. e4 e5 2. Nf3 Nc6 3. d4 exd4 4. Nxd4 Bc5 5. Nb3 Bb6 6. Nc3 Nf6 7. Qe2 O-O 8.
Bg5 h6 9. Bh4 Nb4 10. O-O-O d6 11. e5 Bg4 12. f3 g5 13. fxg4 gxh4 14. exf6 Qxf6
15. Qf3 Qxf3 16. gxf3 Rfe8 17. Bc4 Be3+ 18. Kb1 Bg5 19. Rhf1 Rf8 20. a3 Nc6 21.
f4 Bf6 22. Nd5 Rac8 23. Nxf6+ Kg7 24. Nh5+ Kg8 25. Nd4 Nxd4 26. Rxd4 Rce8 27.
Nf6+ Kg7 28. Nxe8+ Rxe8 29. g5 hxg5 30. fxg5 Re7 31. Rdf4 Kg6 32. Rxf7 Rxf7 33.
Rxf7 Kxg5 34. Rxc7 Kg4 35. Be6+ Kf3 36. Rxb7 Kf2 37. Rxa7 Kg2 38. h3 Kg3 39. Rf7
Kh2 40. a4 Kg3 41. a5 d5 42. a6 d4 43. a7 d3 44. a8=Q d2 45. Qf3+ Kh2 46. Qf2+
Kh1 47. Bd5# {Black checkmated} 1-0

[Event "Team 45 45 League T69"]
[Site "Internet Chess Club"]
[Date "2016.06.19"]
[Round "2"]
[White "arnav07"]
[Black "Megasus"]
[Result "1/2-1/2"]
[WhiteElo "1542"]
[BlackElo "1462"]
[Opening "Sicilian: Nimzovich-Rossolimo attack (without ...d6)"]
[ECO "B30"]
[Time "23:00:46"]
[TimeControl "2700+45"]

1. e4 c5 2. Nf3 Nc6 3. Bb5 d6 4. Bxc6+ bxc6 5. O-O Qc7 6. c3 Nf6 7. Re1 e5 8. d4
h6 9. Qc2 Bb7 10. Be3 Rc8 11. h3 Be7 12. Nbd2 cxd4 13. cxd4 c5 14. d5 O-O 15.
Rac1 a5 16. a3 Bd8 17. Nc4 Re8 18. Bd2 Ra8 19. Nh4 Nh5 20. Nf5 Ra6 21. Qa4 Rf8
22. Qd1 Nf4 23. Bxf4 exf4 24. Qg4 Bg5 25. h4 Qd8 26. hxg5 hxg5 27. Nfxd6 Rxd6
28. Nxd6 Qxd6 29. Qxg5 f6 30. Qf5 Bc8 31. Qh5 Bd7 32. Qd1 Re8 33. Qc2 Rc8 34.
Qc3 a4 35. Re2 Bb5 36. Rec2 g5 37. Qd2 c4 38. Qa5 Qd7 39. Qc3 Qd6 40. Qd4 Kg7
41. Re1 Qe5 42. Qxe5 fxe5 43. Rd1 Kf7 44. d6 Ke6 45. Rd5 Rb8 46. Rcd2 Bc6 47.
Rc5 Bxe4 48. Rxc4 Bd5 49. Rxa4 Rd8 50. Ra5 Rxd6 51. Raxd5 Rxd5 52. Rxd5 Kxd5 53.
Kf1 Kc4 54. Ke2 e4 55. f3 e3 56. b4 Kb5 57. Kd3 Ka4 58. Ke2 Kb5 59. Kd3 Ka4 60.
Ke2 Kb5 {Game drawn by repetition} 1/2-1/2

[Event "Team 45 45 League T69"]
[Site "Internet Chess Club"]
[Date "2016.06.20"]
[Round "2"]
[White "jorome23"]
[Black "searchforbobby1"]
[Result "1-0"]
[WhiteElo "2203"]
[BlackElo "1966"]
[Opening "QGD: 3.Nc3"]
[ECO "D31"]
[Time "21:00:58"]
[TimeControl "2700+45"]

1. d4 d5 2. c4 e6 3. Nc3 f5 4. cxd5 exd5 5. Nf3 Nf6 6. Bg5 c6 7. e3 Bd6 8. Bd3
O-O 9. O-O Qe8 10. Qc2 Ne4 11. Rab1 Nxg5 12. Nxg5 Qh5 13. f4 h6 14. Nf3 Nd7 15.
b4 a6 16. a4 Nf6 17. h3 Ne4 18. Ne5 Bxe5 19. dxe5 g5 20. Ne2 Bd7 21. Nd4 Rae8
22. b5 axb5 23. axb5 c5 24. Bxe4 {Black resigns} 1-0

[Event "Team 45 45 League T69"]
[Site "Internet Chess Club"]
[Date "2016.06.16"]
[Round "2"]
[White "Monterrey"]
[Black "rook9999"]
[Result "0-1"]
[WhiteElo "1989"]
[BlackElo "1985"]
[Opening "Nimzo-Indian: 4.e3"]
[ECO "E40"]
[Time "21:00:28"]
[TimeControl "2700+45"]

1. d4 Nf6 2. c4 e6 3. Nc3 Bb4 4. e3 d5 5. Ne2 dxc4 6. a3 Ba5 7. Qa4+ c6 8. Qxc4
O-O 9. b4 Bc7 10. Bb2 Nbd7 11. g3 e5 12. Bg2 Nb6 13. Qd3 Be6 14. Rd1 exd4 15.
Ne4 Nxe4 16. Qxe4 Qc8 17. Qxd4 f6 18. Qh4 Nc4 19. Bc3 Nxa3 20. Be4 Bf5 21. Nd4
Bxe4 22. Qxe4 Be5 23. O-O Qh3 24. Ra1 Bxd4 25. Rxa3 Bxc3 26. Qc4+ Kh8 27. Qxc3
Rfd8 28. e4 Rd6 29. Rxa7 Rxa7 30. Qc5 Qd7 31. Qxa7 h6 32. Qc5 Rd4 33. Re1 Kh7
34. Kg2 Rd2 35. h4 Qd4 36. Qf5+ g6 37. Qf4 Kg7 38. Qc7+ Qd7 39. Qf4 Rd4 40. Ra1
Qe7 41. Qb8 Rd8 42. Qf4 g5 43. hxg5 hxg5 44. Qf5 Re8 45. Ra7 Qxb4 46. Kf3 Re7
47. Ra8 Qe1 48. Rb8 Qh1+ 49. Ke3 Qd1 50. f3 Rd7 51. Rg8+ Kxg8 52. Qg6+ Kf8 53.
Qxf6+ Rf7 54. Qh8+ Ke7 55. Qe5+ Kd7 {White resigns} 0-1

[Event "Team 45 45 League T69"]
[Site "Internet Chess Club"]
[Date "2016.06.15"]
[Round "2"]
[White "JasonModer"]
[Black "chsrules88"]
[Result "1/2-1/2"]
[WhiteElo "1951"]
[BlackElo "2070"]
[Opening "Old Benoni defense"]
[ECO "A43"]
[Time "20:15:20"]
[TimeControl "2700+45"]

1. d4 c5 2. d5 e6 3. c4 d6 4. Nc3 Nf6 5. e4 Be7 6. Bd3 O-O 7. Nge2 exd5 8. cxd5
Bg4 9. O-O Nbd7 10. f3 Bh5 11. Nf4 Bg6 12. Nxg6 hxg6 13. Qe2 a6 14. a4 Ne5 15.
Bc2 Qb6 16. f4 Ned7 17. e5 Nh7 18. e6 Ndf6 19. exf7+ Rxf7 20. Bxg6 Raf8 21. Be3
Bd8 22. Bxf7+ Rxf7 23. Rae1 Qb3 24. Bf2 Ba5 25. Qe6 Qb6 26. Re2 Nf8 27. Qf5 Qb3
28. Qc2 Qxc2 29. Rxc2 N8d7 30. g3 Nb6 31. b3 Re7 32. Re1 Rd7 33. Rd1 Re7 34. Kf1
Kf7 35. h3 Re8 36. g4 Bb4 37. Kg1 Ba5 38. Kh2 Bxc3 39. Rxc3 Re2 40. Rf3 Ne4 41.
Kg1 Nxf2 42. Rxf2 Re3 43. a5 Nd7 44. Kg2 Rxb3 45. Rdd2 b5 46. axb6 Nxb6 47. Ra2
Nxd5 48. Rxa6 Ne3+ 49. Kh2 d5 50. f5 d4 51. g5 Rb8 52. Ra7+ Kg8 53. g6 c4 54.
Rfa2 c3 55. Rb7 Re8 56. Re7 Rb8 57. Rxe3 dxe3 58. Kg3 Kf8 59. Rc2 Rc8 60. Kf3
Ke7 61. Kxe3 Kf6 62. Ke4 Rc5 63. Kd4 Rxf5 64. Rxc3 Kxg6 65. Ke4 Rf7 66. Rf3 Rxf3
67. Kxf3 Kh5 68. Kg3 g5 69. Kg2 g4 70. hxg4+ Kxg4 {Game drawn because neither
player has mating material} 1/2-1/2

[Event "Team 45 45 League T69"]
[Site "Internet Chess Club"]
[Date "2016.06.17"]
[Round "2"]
[White "fishhead"]
[Black "anna"]
[Result "0-1"]
[WhiteElo "1766"]
[BlackElo "1820"]
[Opening "Ruy Lopez: Marshall, main line, 14...Qh3"]
[ECO "C89"]
[Time "17:00:35"]
[TimeControl "2700+45"]

1. e4 e5 2. Nf3 Nc6 3. Bb5 a6 4. Ba4 Nf6 5. O-O Be7 6. Re1 b5 7. Bb3 O-O 8. c3
d5 9. exd5 Nxd5 10. Nxe5 Nxe5 11. Rxe5 c6 12. d4 Bd6 13. Re1 Qh4 14. g3 Qh3 15.
Qd3 Bf5 16. Qf1 Qh5 17. Be3 Bh3 18. Bd1 Qf5 19. Qe2 Rfe8 20. Bc2 Qd7 21. Nd2 f5
22. Qd3 g6 23. f4 Bg4 24. Nf1 Nf6 25. Bf2 Kg7 26. Rxe8 Rxe8 27. Re1 Rxe1 28.
Bxe1 Qe6 29. Bd2 c5 30. Qe3 Qxe3+ 31. Bxe3 c4 32. Nd2 Nd5 33. Kf2 Kf6 34. Nf3
Bxf3 35. Kxf3 a5 36. Bd2 b4 37. Ba4 Ke6 38. Bb5 Nb6 39. Be3 Kd5 40. Be8 Ke6 41.
g4 fxg4+ 42. Kxg4 Nd5 43. Kf3 bxc3 44. bxc3 Nxc3 45. Bd2 Nxa2 46. Bxa5 Bb4 47.
Bb6 Bd2 48. Ke4 Nc3+ 49. Kf3 Nd5 50. Bc5 Bxf4 51. h3 c3 52. Ba4 Bd2 53. Bc2 Ne3
54. d5+ Nxd5 55. Ke4 Nf4 56. Bb3+ Kd7 57. h4 Ng2 58. Bf2 Be1 59. h5 Bxf2 60. Kf3
Ne1+ {White resigns} 0-1

[Event "Team 45 45 League T69"]
[Site "Internet Chess Club"]
[Date "2016.06.19"]
[Round "2"]
[White "swagnik"]
[Black "fledermaus"]
[Result "1/2-1/2"]
[WhiteElo "1869"]
[BlackElo "1859"]
[Opening "Sicilian: closed"]
[ECO "B23"]
[Time "10:04:17"]
[TimeControl "2700+45"]

1. e4 c5 2. Nc3 e6 3. f4 d5 4. Nf3 dxe4 5. Nxe4 Nc6 6. Bb5 Bd7 7. O-O Nh6 8. d3
Nf5 9. Bxc6 Bxc6 10. Qe1 Be7 11. Ne5 Rc8 12. Be3 Nxe3 13. Qxe3 Qd4 14. Qxd4 cxd4
15. Nxc6 Rxc6 16. Rac1 Kd7 17. f5 e5 18. c4 dxc3 19. bxc3 b5 20. d4 exd4 21.
cxd4 f6 22. Rxc6 Kxc6 23. Rc1+ Kd7 24. Rb1 a6 25. Rc1 Rc8 26. Rxc8 Kxc8 27. Kf2
Kd7 28. Ke3 Kc6 29. Kd3 Bb4 30. g4 Kd5 31. h3 {Game drawn by mutual agreement}
1/2-1/2

[Event "Team 45 45 League T69"]
[Site "Internet Chess Club"]
[Date "2016.06.20"]
[Round "2"]
[White "PolishRyszard"]
[Black "ChessHouston"]
[Result "0-1"]
[WhiteElo "1873"]
[BlackElo "1924"]
[Opening "Pirc: Sveshnikov system"]
[ECO "B07"]
[Time "13:00:18"]
[TimeControl "2700+45"]

1. e4 d6 2. d4 Nf6 3. Nc3 g6 4. g3 Bg7 5. Bg2 O-O 6. Nge2 a5 7. h3 a4 8. a3 e5
9. O-O c6 10. Be3 Qc7 11. Qd2 Re8 12. f4 exf4 13. gxf4 Be6 14. Ng3 Bc4 15. Rf2
Nbd7 16. f5 c5 17. fxg6 fxg6 18. d5 Ne5 19. Bh6 Rf8 20. Bxg7 Qxg7 21. Nce2 Bb5
22. Nf4 Bd7 23. Raf1 Qh6 24. Ne6 Qxd2 25. Rxd2 Bxe6 26. dxe6 Ne8 27. Rxf8+ Kxf8
28. Rf2+ Ke7 29. Bf1 Kxe6 30. Ne2 Nc7 31. Nc3 Ke7 32. Kg2 Ra5 33. Kg3 b5 34. Kh4
b4 35. Nd1 Ne6 36. Ne3 bxa3 37. Nd5+ Ke8 38. bxa3 c4 39. Nf6+ Kf7 40. Nd5+ Kg7
41. Ne3 Rc5 42. Nd5 Nd4 43. Kg3 Nb5 44. Nb6 Nc3 45. Kf4 g5+ 46. Ke3 Nd1+ 47. Ke2
Nxf2 48. Kxf2 Rc6 49. Nxa4 Ra6 50. Nb2 Rxa3 51. Bxc4 Rxh3 52. Bb3 Rf3+ 53. Ke2
g4 54. Nd1 g3 55. Ne3 Rf2+ {White resigns} 0-1

[Event "Team 45 45 League T69"]
[Site "Internet Chess Club"]
[Date "2016.06.18"]
[Round "2"]
[White "achessman"]
[Black "Goli"]
[Result "1-0"]
[WhiteElo "1948"]
[BlackElo "1787"]
[Opening "English, 1...Nf6 (Anglo-Indian defense)"]
[ECO "A15"]
[Time "05:28:50"]
[TimeControl "2700+45"]

1. c4 Nf6 2. g3 g6 3. Bg2 Bg7 4. Nc3 O-O 5. b4 d6 6. Rb1 Nbd7 7. Nh3 Ne5 8. d3
c6 9. O-O Qc7 10. Qb3 h6 11. d4 Ned7 12. a4 a5 13. Rd1 axb4 14. Qxb4 Ra6 15. Ba3
Rb6 16. Qa5 Ne8 17. Bb4 Ra6 18. Qxc7 Nxc7 19. e3 Nb6 20. Nf4 Nxa4 21. Bf1 Nxc3
22. Bxc3 Ra7 23. Rb6 Na8 24. Rb3 Bg4 25. Rdb1 Bf5 26. Re1 Nc7 27. Nd3 Rfa8 28.
e4 Bd7 29. f4 b5 30. Nb4 Ra3 31. Reb1 Rxb3 32. Rxb3 Ra4 33. Nc2 Ra7 34. Kf2 bxc4
35. Bxc4 Be6 36. Rb8+ Kh7 37. Bd3 c5 38. f5 Bd7 39. fxg6+ fxg6 40. h4 h5 41. Bb2
cxd4 42. Bxd4 Bxd4+ 43. Nxd4 Ne6 44. Nf3 Nc5 45. Ng5+ Kg7 46. Bc4 Bc6 47. Rg8+
Kf6 48. Rf8+ Ke5 49. Nf3+ Kxe4 50. Rf4# {Black checkmated} 1-0